Workbook
Name Е14: #REF!
Name Е14: #REF!

Sheet Прил 1_Паспорт
B1: УТВЕРЖДЕН
B2: решением управляющего совета муниципального образования "Чемальский район" Протокол управляющего совета муниципального образования "Чемальский район" "24" октября 2025г.
A5: ПАСПОРТ
A6: муниципальной программы
A7: "Развитие экономики и малого и среднего предпринимательства муниципального образования "Чемальский район" на 2026-2031 годы"
A9: 1.Основные положения
A11: Ответственный исполнитель муниципальной программы | B11: Отдел прогнозирования и экономического развития администрации Чемальского района, МУ "Редакция газеты "Чемальский вестник"
A12: Период реализации муниципальной программы | B12: 2026-2031 годы
A13: Цель муниципальной программы | B13: Цель1.Повышение эффективности реализации мер поддержки приоритетных направлений развития экономики. Цель 2.Создание условий для развития инвестиционного потенциала.
A14: Направления (подпрограмма) муниципальной программы (при необходимости) | B14: Направление(подпрограмма) 1. Развитие малого и среднего предпринимательства, развитие конкурентных рынков. Направление (подпрограмма) 2.Повышение инвестиционной привлекательности и деловой активности.
A15: Объем бюджетных ассигнований муниципальной программы, в том числе по годам реализации | B15: 2026 год | C15: ='Приложение 5'!D8 -> 8749.285
B16: 2027 год | C16: ='Приложение 5'!E8 -> 8857.885
B17: 2028 год | C17: ='Приложение 5'!F8 -> 700
B18: 2029 год | C18: ='Приложение 5'!G8 -> 700
B19: 2030 год | C19: ='Приложение 5'!H8 -> 700
B20: 2031 год | C20: ='Приложение 5'!I8 -> 750
A21: Связь с национальными целями развития Российской Федерации, государственными программами Республики Алтай | B21: Устойчивая и динамичная экономика / Развитие экономического потенциала и предпринимательства

Sheet Прил 2_Показатели МП
A3: 2. Показатели муниципальной программы
A5: № п/п | B5: Наименование показателя 1 | C5: Единица измерения | D5: Базовое значение (2024 г.) 2 | E5: Значение показателей | K5: Ответственный за достижение показателя 3 | L5: Связь с показателями национальных целей 4 | M5: Информационная система 5
E6: 2026 г. | F6: 2027 г. | G6: 2028 г. | H6: 2029 г. | I6: 2030 г. | J6: 2031 г.
A7: 1 | B7: 2 | C7: 3 | D7: 4 | E7: 5 | F7: 6 | G7: 7 | H7: 8 | I7: 9 | J7: 10 | K7: 11 | L7: 12 | M7: 13
A8: Цель 1. Повышение эффективности реализации мер поддержки приоритетных направлений развития экономики
A9: 1 | B9: Численность занятых в сфере малого и среднего предпринимательства, включая индивидуальных предпринимателей и самозанятых | C9: тыс.чел. | D9: 2.353 | E9: 2.377 | F9: 2.4 | G9: 2.424 | H9: 2.449 | I9: 2.473 | J9: 2.498 | K9: Отдел прогнозирования и экономического развития администрации Чемальского района | L9: Обеспечение в 2026-2031 годах реального роста дохода на одного работника субъекта малого и среднего предпринимательства в 1,2 раза выше, чем рост валового внутреннего продукта | M9: Единый реестр СМСП (Федеральная налоговая служба)
A10: Цель 2. Создание условий для развития инвестиционного потенциала
A11: 2 | B11: Темп роста объем инвестиций в основной капитал | C11: % | D11: 100 | E11: 103.3 | F11: 103.3 | G11: 103.3 | H11: 103.3 | I11: 103.3 | J11: 103.3 | K11: Отдел прогнозирования и экономического развития администрации Чемальского района | L11: Увеличение к 2030 году объема инвестиций в основной капитал не менее чем на 60 процентов по сравнению с уровнем 2020 года за счет постоянного улучшения инвестиционного климата | M11: Статистические данные (Управление Федеральной службы государственной статистики по Алтайскому краю и Республике Алтай)

Sheet Прил 3_Структура МП
A2: 3. Структура муниципальной программы
A4: № п/п | B4: Задачи структурного элемента 7 | C4: Краткое описание ожидаемых эффектов от реализации задачи структурного элемента8 | D4: Связь с показателями 9
A5: 1 | B5: 2 | C5: 3 | D5: 4
A6: 1 | B6: Направление (подпрограмма) 1. "Развитие малого и среднего предпринимательства, развитие конкурентных рынков"
A7: 1.1 | B7: Комплекс процессных мероприятий "Поддержка малого и среднего предпринимательства"
B8: Ответственный за реализацию (отдел прогнозирования и экономического развития администрации Чемальского района) | D8: Срок реализации: 2026-2031 годы
A9: 1.1.1 | B9: Предоставление субсидии из бюджета муниципального образования «Чемальский район» на возмещение части затрат, связанных с приобретением оборудования в целях создания и (или) развития и (или) модернизации производства товаров (работ, услуг) | C9: Содействие развитию малого и среднего предпринимательства. | D9: Численность занятых в сфере малого и среднего предпринимательства, включая индивидуальных предпринимателей и самозанятых.
A10: 1.2 | B10: Комплекс процессных мероприятий "Развитие туризма"
B11: Ответственный за реализацию (отдел прогнозирования и экономического развития администрации Чемальского района) | D11: Срок реализации: 2026-2031 годы
A12: 1.2.1 | B12: Содействие в организации, проведении образовательных мероприятий. | C12: Формирование позитивного отношения различных групп к предпринимательской деятельности. | D12: Численность занятых в сфере малого и среднего предпринимательства, включая индивидуальных предпринимателей и самозанятых.
A13: 2. | B13: Направление (подпрограмма) 2. "Создание условий для развития инвестиционного потенциала"
A14: 2.1 | B14: Комплекс процессных мероприятий "Привлечение инвестиций на территории Чемальского района, оказание мер муниципальной поддержки"
B15: Ответственный за реализацию (отдел прогнозирования и экономического развития администрации Чемальского района) | D15: Срок реализации: 2026-2031 годы
A16: 2.1.1 | B16: Информирование СМСП о мерах государственной поддержки, содействие реализации инвестиционных проектов. | C16: Увеличение количества инвесторов, реализующих проекты на территории района. | D16: Объем инвестиций в основной капитал (за исключением бюджетных средств) в расчете на душу населения.
A17: 3 | B17: Структурные элементы, не входящие в направления (подпрограммы)
A18: 3.1 | B18: Комплекс процессных мероприятий "Создание условий для реализации муниципальной программы"
A19: 3.1.1 | B19: Создание условий для обеспечения выполнения функций и текущих задач | C19: Выполнение запланированных мероприятий | D19: х

Sheet Прил 4_Перечень мероприятий
A2: 4. Перечень мероприятий (результатов) муниципальной программы
A4: № п/п | B4: Наименование мероприятия (результат) | C4: Целевые показатели непосредственного результата реализации мероприятия | L4: Сроки наступления мероприятия (результат)
C5: наименование | D5: единица измерения | E5: Базовое значение (2024) | F5: Значения мероприятия (результата) по годам | L5: I полугодие | M5: II полугодие
F6: 2026г. | G6: 2027г. | H6: 2028г. | I6: 2029г. | J6: 2030г. | K6: 2031г.
A7: 1 | B7: 2 | C7: 3 | D7: 4 | E7: 5 | F7: 6 | G7: 7 | H7: 8 | I7: 9 | J7: 10 | K7: 11 | L7: 12 | M7: 13
A8: 1 | B8: Комплекс процессных мероприятий "Поддержка малого и среднего предпринимательства"
B9: Предоставление субсидий из бюджета муниципального образования «Чемальский район» на возмещение части затрат, связанных с приобретением оборудования в целях создания и (или) развития и (или) модернизации производства товаров (работ, услуг)
A10: 1.1 | B10: Проведение конкурсного отбора | C10: Объем оказанной финансовой поддержки | D10: тыс.руб | E10: - | F10: 330 | G10: 330 | H10: 500 | I10: 500 | J10: 500 | K10: 550
A11: 2 | B11: Комплекс процессных мероприятий "Развитие туризма"
A12: Содействие в организации, проведении образовательных мероприятий
A13: 2.1 | B13: Организация и материально-техническое обеспечение проведения мероприятий с участием субъектов малого и среднего предпринимательства муниципального уровня | C13: Количество проведенных мероприятий | D13: ед. | E13: 1 | F13: 2 | G13: 3 | H13: 3 | I13: 3 | J13: 3 | K13: 3
A14: 3 | B14: Комплекс процессных мероприятий "Привлечение инвестиций на территории Чемальского района, оказание мер муниципальной поддержки"
A15: Информирование СМСП о мерах государственной поддержки, содействие реализации инвестиционных проектов.
A16: 3.1 | B16: Организация деятельности органов местного самоуправления по обеспечению благоприятного инвестиционного климата | C16: Темп роста объема инвестиций в основной капитал | D16: % | E16: 100 | F16: 103.3 | G16: 103.3 | H16: 103.3 | I16: 103.3 | J16: 103.3 | K16: 103.3
A17: 4 | B17: Комплекс процессных мероприятий "Создание условий для реализации муниципальной программы"
B18: Создание условий для обеспечения выполнения функций и текущих задач
A19: 4.1 | B19: Качественное и бесперебойное функционирование информационно- коммуникационных технологий | C19: х
A20: 4.2 | B20: Обеспечение информационной открытости деятельности ОМСУ | C20: х
A21: 4.3 | B21: Повышение квалификации | C21: х

Sheet Приложение 5
A2: 5. Финансовое обеспечение муниципальной программы муниципального образования "Чемальский район"
A5: № п/п | B5: Наименование муниципальной программы (комплексной программы), структурного элемента муниципальной программы (комплексной подпрограммы) | C5: Источник финансового обеспечения | D5: Объем финансового обеспечения по годам реализации тыс.рублей
D6: 2026 г. | E6: 2027 г. | F6: 2028 г. | G6: 2029 г. | H6: 2030 г. | I6: 2031 г.
A7: 1 | B7: 2 | C7: 3 | D7: 4 | E7: 5 | F7: 6 | G7: 7 | H7: 8 | I7: 9
A8: 1 | B8: Муниципальная программа "Развитие экономики и малого и среднего предпринимательства в муниципальном образовании Чемальский район на 2026-2031 годы" | C8: всего, в том числе: | D8: =D12+D11+D10+D9 -> 8749.285 | E8: =E12+E11+E10+E9 -> 8857.885 | F8: =F12+F11+F10+F9 -> 700 | G8: =G12+G11+G10+G9 -> 700 | H8: =H12+H11+H10+H9 -> 700 | I8: =I12+I11+I10+I9 -> 750
C9: местный бюджет муниципального образования | D9: =D14+D19+D29 -> 8749.285 | E9: =E14+E19+E29 -> 8857.885 | F9: =F14+F19+F29 -> 700 | G9: =G14+G19+G29 -> 700 | H9: =H14+H19+H29 -> 700 | I9: =I14+I19+I29 -> 750
C10: федеральный бюджет (справочно) | D10: 0 | E10: 0 | F10: 0 | G10: 0 | H10: 0 | I10: 0
C11: республиканский бюджет Республики Алтай (справочно) | D11: =D16 -> 0 | E11: =E16 -> 0 | F11: =F16 -> 0 | G11: =G16 -> 0 | H11: =H16 -> 0 | I11: =I16 -> 0
C12: иные источники (справочно) | D12: =D17 -> 0 | E12: =E17 -> 0 | F12: =F17 -> 0 | G12: =G17 -> 0 | H12: =H17 -> 0 | I12: =I17 -> 0
A13: 1.1 | B13: Комплекс пролцессных мероприятий "Поддержка малого и среднего предпринимательства" | C13: всего, в том числе: | D13: =D14+D16+D17 -> 330 | E13: =E14+E16+E17 -> 330 | F13: =F14+F16+F17 -> 500 | G13: =G14+G16+G17 -> 500 | H13: =H14+H16+H17 -> 500 | I13: =I14+I16+I17 -> 550
C14: местный бюджет муниципального образования | D14: 330 | E14: 330 | F14: 500 | G14: 500 | H14: 500 | I14: 550
C15: федеральный бюджет (справочно) | D15: 0 | E15: 0 | F15: 0 | G15: 0 | H15: 0 | I15: 0
C16: республиканский бюджет Республики Алтай (справочно)
C17: иные источники (справочно)
A18: 1.2 | B18: Комплекс процессных мероприятий "Развитие туризма" | C18: всего, в том числе: | D18: =D19+D20+D21+D22+D23 -> 100 | E18: =E19+E20+E21+E22+E23 -> 150 | F18: =F19+F20+F21+F22+F23 -> 200 | G18: =G19+G20+G21+G22+G23 -> 200 | H18: =H19+H20+H21+H22+H23 -> 200 | I18: =I19+I20+I21+I22+I23 -> 200
C19: местный бюджет муниципального образования | D19: ='Приложение 6'!M19 -> 100 | E19: ='Приложение 6'!N19 -> 150 | F19: ='Приложение 6'!O19 -> 200 | G19: ='Приложение 6'!P19 -> 200 | H19: ='Приложение 6'!Q19 -> 200 | I19: ='Приложение 6'!R19 -> 200
C20: федеральный бюджет (справочно) | D20: 0 | E20: 0 | F20: 0 | G20: 0 | H20: 0 | I20: 0
C21: республиканский бюджет Республики Алтай (справочно) | D21: 0 | E21: 0 | F21: 0 | G21: 0 | H21: 0 | I21: 0
C22: иные источники (справочно) | D22: 0 | E22: 0 | F22: 0 | G22: 0 | H22: 0 | I22: 0
A23: 1.3 | B23: Комплекс процессных мероприятий "Привлечение инвестиций на территории Чемальского района, оказание мер муниципальной поддержки" | C23: всего, в том числе: | D23: =D24+D25+D26+D27 -> 0 | E23: =E24+E25+E26+E27 -> 0 | F23: =F24+F25+F26+F27 -> 0 | G23: =G24+G25+G26+G27 -> 0 | H23: =H24+H25+H26+H27 -> 0 | I23: =I24+I25+I26+I27 -> 0
C24: местный бюджет муниципального образования | D24: 0 | E24: 0 | F24: 0 | G24: 0 | H24: 0 | I24: 0
C25: федеральный бюджет (справочно) | D25: 0 | E25: 0 | F25: 0 | G25: 0 | H25: 0 | I25: 0
C26: республиканский бюджет Республики Алтай (справочно) | D26: 0 | E26: 0 | F26: 0 | G26: 0 | H26: 0 | I26: 0
C27: иные источники (справочно) | D27: 0 | E27: 0 | F27: 0 | G27: 0 | H27: 0 | I27: 0
A28: 1.4 | B28: Комплекс процессных мероприятий "Создание условий для реализации муниципальной программы" | C28: всего, в том числе: | D28: =D29+D30+D31+D32+F35 -> 8319.285 | E28: =E29+E30+E31+E32+G35 -> 8377.885 | F28: =F29+F30+F31+F32+H35 -> 0 | G28: =G29+G30+G31+G32+I35 -> 0 | H28: =H29+H30+H31+H32+J35 -> 0 | I28: =I29+I30+I31+I32+K35 -> 0
C29: местный бюджет муниципального образования | D29: =D33+D34+D35 -> 8319.285 | E29: =E33+E34+E35 -> 8377.885 | F29: =F33+F34+F35 -> 0 | G29: =G33+G34+G35 -> 0 | H29: =H33+H34+H35 -> 0 | I29: =I33+I34+I35 -> 0
C30: федеральный бюджет (справочно) | D30: 0 | E30: 0 | F30: 0 | G30: 0 | H30: 0 | I30: 0
C31: республиканский бюджет Республики Алтай (справочно) | D31: 0 | E31: 0 | F31: 0 | G31: 0 | H31: 0 | I31: 0
C32: иные источники (справочно) | D32: 0 | E32: 0 | F32: 0 | G32: 0 | H32: 0 | I32: 0
A33: 1.4.1 | B33: Качественное и бесперебойное функционирование информационно- коммуникационных технологий | C33: местный бюджет муниципального образования | D33: 945.028 | E33: 993.628 | F33: 0 | G33: 0 | H33: 0 | I33: 0
A34: 1.4.2 | B34: Обеспечение информационной открытости деятельности ОМСУ | C34: местный бюджет муниципального образования | D34: =(266040+7058217)/1000 -> 7324.257 | E34: =(266040+7058217)/1000 -> 7324.257 | F34: 0 | G34: 0 | H34: 0 | I34: 0
A35: 1.4.3 | B35: Повышение квалификации | C35: местный бюджет муниципального образования | D35: 50 | E35: 60 | F35: 0 | G35: 0 | H35: 0 | I35: 0

Sheet Приложение 6
M2: Приложение № 6 к муниципальной программе " Развитие экономики и малого и среднего предпринимательства в муниципальном образовании "Чемальский район" на 2026-2031 годы"
A5: Наименование муниципаьной программы: Развитие экономики и малого и среднего предпринимательства в муниципальном образовании "Чемальский район" на 2026-2031 годы"
A6: Ответственный исполнитель муниципальной программы: Отдел прогнозирования и экономического развития администрации Чемальского района
A10: № п/п | B10: Статус | C10: Наименование муниципальной программы, подпрограммы, структурного элемента | D10: Ответсвенный исполнитель | E10: Код муниципальной программы, подпрограммы, структурного элемента | I10: Код бюджетной классификации | M10: Объем финансового обеспечения по годам реализации тыс.рублей
E11: МП | F11: Н | G11: ОЗ | H11: СЭ | I11: ГРБС | J11: Рз | K11: Пр | L11: ЦС | M11: 2026 г. | N11: 2027 г. | O11: 2028 г. | P11: 2029 г. | Q11: 2030 г. | R11: 2031 г.
B12: Муниципальная программа | C12: Развитие экономики и малого и среднего предпринимательства | D12: Всего | E12: ** | F12: 00 | G12: 00 | H12: 00 | I12: 999 | J12: х | K12: х | L12: 02 0 00 00000 | M12: =M15+M21+M26 -> 8218.9 | N12: =N15+N21+N26 -> 8854.6 | O12: =O15+O21+O26 -> 8990.8 | P12: =P15+P21+P26 -> 9068.2 | Q12: =Q15+Q21+Q26 -> 9146.1 | R12: =R15+R21+R26 -> 9224.9
A15: 1 | B15: Направление | C15: Развитие малого и среднего предпринимательства, развитие конкурентных рынков" | D15: Всего | E15: ** | F15: 01 | H15: 00 | M15: =M18+M20 -> 600 | N15: =N18+N20 -> 1150 | O15: =O18+O20 -> 1200 | P15: =P18+P20 -> 1200 | Q15: =Q18+Q20 -> 1200 | R15: =R18+R20 -> 1200
D16: Администрация Чемальского района
A17: 1.1 | B17: Комплекс процессных мероприятий | C17: Поддержка малого и среднего предпринимательства | M17: =M18 -> 500 | N17: =N18 -> 1000 | O17: =O18 -> 1000 | P17: =P18 -> 1000 | Q17: =Q18 -> 1000 | R17: =R18 -> 1000
A18: 1.1.1 | B18: Мероприятие | C18: Проведение конкурсного отбора | D18: Администрация Чемальского района | E18: ** | F18: 01 | H18: 01 | M18: 500 | N18: 1000 | O18: 1000 | P18: 1000 | Q18: 1000 | R18: 1000
A19: 1.2 | B19: Комплекс процессных мероприятий | C19: Развитие туризма | M19: =M20 -> 100 | N19: =N20 -> 150 | O19: =O20 -> 200 | P19: =P20 -> 200 | Q19: =Q20 -> 200 | R19: =R20 -> 200
A20: 1.2.1 | B20: Мероприятие | C20: Организация и материально-техническое обеспечение проведения мероприятий с участием субъектов малого и среднего предпринимательства муниципального уровня | D20: Администрация Чемальского района | E20: ** | F20: 01 | H20: 02 | M20: 100 | N20: 150 | O20: 200 | P20: 200 | Q20: 200 | R20: 200
A21: 2 | B21: Направление | C21: Создание условий для развития инвестиционного потенциала | D21: Всего | E21: ** | F21: 02 | H21: 00 | M21: 0 | N21: 0 | O21: 0 | P21: 0 | Q21: 0 | R21: 0
D22: Администрация Чемальского района
A24: 2.1. | B24: Комплекс процессных мероприятий | C24: Привлечение инвестиций на территории Чемальского района, оказание мер муниципальной поддержки | M24: 0 | N24: 0 | O24: 0 | P24: 0 | Q24: 0 | R24: 0
A25: 2.1.1 | B25: Мероприятие | C25: Организация деятельности органов местного самоуправления по обеспечению благоприятного инвестиционного климата | D25: Администрация Чемальского района | E25: ** | F25: 02 | H25: 01 | M25: 0 | N25: 0 | O25: 0 | P25: 0 | Q25: 0 | R25: 0
A26: 3 | B26: Направление | C26: Структурные элементы, не входящие в направления (подпрограммы) | D26: Всего | E26: ** | F26: 04 | H26: 00 | M26: =M28 -> 7618.9 | N26: =N28 -> 7704.6 | O26: =O28 -> 7790.8 | P26: =P28 -> 7868.2 | Q26: =Q28 -> 7946.1 | R26: =R28 -> 8024.9
D27: Администрация Чемальского района
A28: 3.1 | B28: Комплекс процессных мероприятий | C28: Создание условий для реализации муниципальной программы | M28: =M33+M38+M41 -> 7618.9 | N28: =N33+N38+N41 -> 7704.6 | O28: =O33+O38+O41 -> 7790.8 | P28: =P33+P38+P41 -> 7868.2 | Q28: =Q33+Q38+Q41 -> 7946.1 | R28: =R33+R38+R41 -> 8024.9
A33: 3.1.1 | B33: Мероприятие | C33: Качественное и бесперебойное функционирование информационно- коммуникационных технологий | D33: Всего | E33: ** | F33: 04 | H33: 01 | M33: =SUM(M34:M37) -> 1994.4 | N33: =SUM(N34:N37) -> 2014.4 | O33: =SUM(O34:O37) -> 2034.3 | P33: =SUM(P34:P37) -> 2054.8 | Q33: =SUM(Q34:Q37) -> 2075.3 | R33: =SUM(R34:R37) -> 2096.1
D34: Администрация Чемальского района | M34: 827.3 | N34: 835.6 | O34: 843.9 | P34: 852.4 | Q34: 860.9 | R34: 869.5
D35: Совет депутатов | M35: 145.8 | N35: 147.3 | O35: 148.7 | P35: 150.2 | Q35: 151.7 | R35: 153.2
D36: Финансовый отдел | M36: 484.1 | N36: 488.9 | O36: 493.8 | P36: 498.7 | Q36: 503.7 | R36: 508.8
D37: КСК | M37: 537.2 | N37: 542.6 | O37: 547.9 | P37: 553.5 | Q37: 559 | R37: 564.6
A38: 3.1.2 | B38: Мероприятие | C38: Обеспечение информационной открытости деятельности ОМСУ | D38: Всего | E38: ** | F38: 04 | H38: 02 | M38: =M39+M40 -> 5574.5 | N38: =N39+N40 -> 5630.2 | O38: =O39+O40 -> 5686.5 | P38: =P39+P40 -> 5743.4 | Q38: =Q39+Q40 -> 5800.8 | R38: =R39+R40 -> 5858.8
D39: Администрация Чемальского района | M39: 244.5 | N39: 246.9 | O39: 249.4 | P39: 251.9 | Q39: 254.4 | R39: 256.9
D40: МУ "Редакция газеты "Чемальский вестник" | M40: 5330 | N40: 5383.3 | O40: 5437.1 | P40: 5491.5 | Q40: 5546.4 | R40: 5601.9
A41: 3.1.3 | B41: Мероприятие | C41: ='Прил 4_Перечень мероприятий'!B21 -> Повышение квалификации | D41: Администрация Чемальского района | E41: ** | F41: 04 | H41: 03 | M41: 50 | N41: 60 | O41: 70 | P41: 70 | Q41: 70 | R41: 70
